 Dungeon Crawl Stone Soup version 0.26.0-57-g60708a5e39 (webtiles) character file.

Game seed: 12530792752392629782

126 XxsatanxX the Chopper (level 4, -1/35 HPs)
             Began as a Demonspawn Gladiator on Feb 2, 2021.
             Slain by Sigmund
             ... wielding a +0 scythe
              (8 damage)
             ... on level 2 of the Dungeon.
             The game lasted 00:02:30 (1230 turns).

XxsatanxX the Chopper (Demonspawn Gladiator)        Turns: 1230, Time: 00:02:31

Health: -1/35      AC:  4    Str: 14    XL:     4   Next: 83%
Magic:  4/4        EV: 12    Int: 11    God:
Gold:   63         SH:  4    Dex: 16    Spells: 3/3 levels left

rFire    . . .     SeeInvis .   a - +0 war axe
rCold    . . .     Faith    .   m - +0 buckler
rNeg     . . .     Spirit   .   f - +0 leather armour
rPois    .         Reflect  .   c - +0 helmet
rElec    .         Harm     .   (no cloak)
rCorr    .         Rampage  .   (no gloves)
Will     .....                  (no boots)
Stlth    +.........             (no amulet)
HPRegen  0.11/turn              (no ring)
MPRegen  0.09/turn              (no ring)

@: no status effects
A: big brain 1
a: no special abilities


You were on level 2 of the Dungeon.
You visited 1 branch of the dungeon, and saw 2 of its levels.

You collected 63 gold pieces.

Inventory:

Hand Weapons
 a - a +0 war axe (weapon)
Missiles
 d - a throwing net (quivered)
 l - 2 atropa-tipped darts
Armour
 c - a +0 helmet (worn)
 e - a +0 kite shield
 f - a +0 leather armour (worn)
 m - a +0 buckler (worn)
Scrolls
 g - a scroll of random uselessness {unknown}
 h - a scroll of enchant armour {unknown}
 i - 2 scrolls of identify {unknown}
 j - a scroll of teleportation {unknown}
 p - a scroll of remove curse
Potions
 k - a potion of cancellation {unknown}
 n - a potion of flight {unknown}
 o - a potion of haste {unknown}


   Skills:
 + Level 3.0 Fighting
 * Level 4.1 Axes
 - Level 1.7 Throwing
 - Level 2.6 Dodging
 + Level 1.8 Shields


You had 3 spell levels left.
You didn't know any spells.
Your spell library was empty.

Dungeon Overview and Level Annotations

Branches:
Dungeon (2/15)

Altars:

Annotations:
D:2 Sigmund


Innate Abilities, Weirdness & Mutations

You have an unusually large brain. (Int +2)


Message History

A puff of flame appears from out of thin air!
The puff of flame hits you! Something hits you!
* * * LOW HITPOINT WARNING * * *
Things that are here:
a +0 club; a scroll labelled BOPREAG JAYTICH; a hobgoblin corpse Something hits you but does no damage.
It was a potion of heal wounds.
You feel much better. Something hits you.
You feel less confused.
You hear some strange, mumbled words.
A magic dart appears from out of thin air!
The magic dart hits you.
You hit something. Something hits you!
* * * LOW HITPOINT WARNING * * *
You hit something. Something barely misses you.
You closely miss something. Something hits you.
* * * LOW HITPOINT WARNING * * *
You hit something but do no damage. You hit something. Something hits you!
You die...

###### ## ......
...########..$...
................>.#
.................#
#.............#
#.)...........
#..{@.#+####.#######
#.....#.####........
#.....#.............
#!....##...[........
#.[...##............
######..............
#.##.##........
#.##.)#.#######
#.###.#.#


There were no monsters in sight!

Vanquished Creatures
  A sky beast (D:2)
  A dart slug (D:2)
  3 leopard geckos (D:1)
  4 bats (D:1)
  2 giant cockroaches
  2 goblins (D:1)
  9 hobgoblins
  A quokka (D:2)
  3 frilled lizards (D:1)
  2 kobolds
  6 rats
34 creatures vanquished.

Notes
Turn   | Place    | Note
-------+----------+-------------------------------------------
     0 | D:1      | XxsatanxX the Demonspawn Gladiator began the quest for the
                  | Orb.
     0 | D:1      | Reached XP level 1. HP: 16/16 MP: 1/1
   179 | D:1      | Reached skill level 3 in Axes
   180 | D:1      | Gained mutation: You have an unusually large brain. (Int
                  | +2) [demonic ancestry]
   180 | D:1      | Reached XP level 2. HP: 12/22 MP: 2/2
   706 | D:2      | Noticed a sky beast
   718 | D:2      | Killed a sky beast
   719 | D:2      | Reached skill level 4 in Axes
   719 | D:2      | Reached skill level 1 in Shields
   719 | D:2      | Reached XP level 3. HP: 21/28 MP: 3/3
   719 | D:2      | Reached XP level 4. HP: 26/34 MP: 4/4
  1204 | D:2      | Noticed Sigmund
  1230 | D:2      | Slain by Sigmund

Illustrated notes

Levels and vault maps discovered:
D:1:      ncdulo_watergridlock, layout_rooms, chequers_serial_rivers_small_b,
          minmay_misc_feat_enclosed
D:2:      minmay_diamond_boxcup, layout_basic, uniq_sigmund

Skill      XL: |  1  2  3  4 |
---------------+-------------+-----
Axes           | 3 4 |  4.1
Shields        | 1 |  1.8
Fighting       | 3 |  3.0
Throwing       | |  1.7
Dodging        | |  2.6

Action                   |  1- 3 |  4- 6 || total
-------------------------+-------+-------++-------
Melee: War axe           |    55 |    31 ||    86
Throw: Throwing net      |     1 |     1 ||     2
  Use: Scroll            |       |     1 ||     1
       Potion            |       |     1 ||     1
Armor: Leather armour    |    13 |     7 ||    20
Dodge: Dodged            |    23 |    12 ||    35
Block: Kite shield       |    23 |       ||    23
       Buckler           |     1 |     3 ||     4
